[Event "Thursday 25 January Rapid Engine Tour 12+1 Rounds 9 Starts 1600 ST"]
[Site "Infinity Chess"]
[Date "2018.1.25"]
[Round "4"]
[White "hafaba"]
[Black "BraveDevil"]
[Result "1-0"]
[ECO "A05"]
[WhiteElo "2450"]
[BlackElo "2414"]
[WhiteEngine "Stockfish SL FA POPCNT_CTG"]
[BlackEngine "Cryptic AIL V2"]
[EventType "Swiss"]
[WhiteTeam ""]
[BlackTeam ""]
[PlyCount "201"]
[TimeControl "720+1"]

1. Nf3 Nf6 2. d4 e6 3. c4 b6 4. g3 Bb7 5. Bg2 Be7 6. O-O O-O 7. Nc3 Ne4 
8. Qc2 Nxc3 9. Qxc3 c5 10. Rd1 d6 11. b3 Nd7 12. Qd3 cxd4 13. Nxd4 Nc5 
14. Qc2 Bxg2 15. Kxg2 Qd7 16. e4 Qb7 17. f3 a6 18. a4 Rac8 19. Be3 Rfd8 
20. b4 Nd7 21. Qe2 Ne5 22. Rac1 Rd7 23. Rc2 Rdc7 24. Rdc1 Bf6 25. b5 a5 
26. Nb3 Ng6 27. Bf2 h6 28. f4 Be7 29. Rd1 Nf8 30. Nd4 f5 31. Rb1 Bd8 32. h4 fxe4 
33. Kg1 Kh8 34. Rd1 Be7 35. Rb1 Bd8 36. Kh2 Kg8 37. Be3 Rc5 38. Nb3 R5c7 
39. Nd4 Rc5 40. Rd1 Qc7 41. Rdc1 Qb7 42. Qd1 Qd7 43. Bf2 Bc7 44. Re2 Bd8 
45. Rd2 Be7 46. Rdc2 Bf6 47. Ne2 g5 48. Bxc5 Rxc5 49. Qh1 Qb7 50. Qg2 Bg7 
51. Rd2 d5 52. cxd5 Rxc1 53. Nxc1 exd5 54. Ne2 Qf7 55. hxg5 hxg5 56. fxg5 Ng6 
57. Kh1 Be5 58. Kg1 Bd6 59. Qf1 Bc5+ 60. Kg2 Qxf1+ 61. Kxf1 Ne7 62. Kg2 Nf5 
63. Nc3 Ne3+ 64. Kh3 Bb4 65. Re2 Bc5 66. Kh4 Nf5+ 67. Kg4 Ne7 68. Rh2 e3 
69. Ne2 d4 70. Nf4 Bd6 71. Kf3 Nf5 72. Nd3 Bb4 73. g4 Nd6 74. Rh6 Kg7 
75. Ke2 Ba3 76. Nf4 Kg8 77. Kd3 e2 78. Nxe2 Bc5 79. Rg6+ Kh8 80. Rf6 Kg8 
81. g6 Ne8 82. Rc6 Kf8 83. Nxd4 Ke7 84. Nf5+ Kd7 85. Rxc5 bxc5 86. g7 Nf6 
87. g5 Ng8 88. Nh6 Ne7 89. g8=Q Nxg8 90. Nxg8 c4+ 91. Kxc4 Kd6 92. g6 Ke6 
93. b6 Ke5 94. b7 Kf5 95. Ne7+ Ke4 96. g7 Ke3 97. g8=Q Kf3 98. Qd5+ Kf2 
99. b8=Q Ke1 100. Qg3+ Kf1 101. Qdd3# 1-0

[Event "Thursday 25 January Rapid Engine Tour 12+1 Rounds 9 Starts 1600 ST"]
[Site "Infinity Chess"]
[Date "2018.1.25"]
[Round "4"]
[White "Time_bandit"]
[Black "Prometheus"]
[Result "1-0"]
[ECO "D02"]
[WhiteElo "2469"]
[BlackElo "2485"]
[WhiteEngine "asmfish-popcnt-012018-W"]
[BlackEngine "Eman 1.67-64bit-IDeA"]
[EventType "Swiss"]
[WhiteTeam ""]
[BlackTeam ""]
[PlyCount "219"]
[TimeControl "720+1"]

1. d4 d5 2. Nf3 c6 3. c4 Nf6 4. Nc3 dxc4 5. a4 Bf5 6. Ne5 e6 7. f3 Bb4 
8. Nxc4 O-O 9. Kf2 Bg6 10. e4 Nbd7 11. Be2 Qe8 12. Qc2 b6 13. Rd1 e5 14. Na2 Be7 
15. dxe5 Nxe5 16. Kf1 Qb8 17. g3 a6 18. Be3 b5 19. Nb6 Ra7 20. a5 Re8 
21. Rac1 Bh5 22. Bf4 Bf8 23. Qb3 c5 24. Nc3 Kh8 25. Kg2 Rb7 26. Ncd5 Nxe4 
27. g4 Bg6 28. fxe4 Bxe4+ 29. Kf1 Bd6 30. g5 f6 31. gxf6 Rf7 32. Bh5 g6 
33. Be2 Nd3 34. Bxd3 Bxf4 35. Bxe4 Bxc1 36. Rxc1 Rxe4 37. Rc2 Qd6 38. Qf3 Re5 
39. Rf2 Rf5 40. Qe4 Re5 41. Qg4 Re6 42. Qg3 Qd8 43. Kg2 c4 44. Ne7 Qd6 
45. Nbd5 Qe5 46. Qh4 Qe4+ 47. Qxe4 Rxe4 48. Nc7 Rexe7 49. fxe7 Rxe7 50. Nxa6 Ra7 
51. Rf6 b4 52. Nxb4 Rxa5 53. Rf2 Re5 54. Kf3 Kg7 55. Rc2 Kf6 56. Rxc4 Rh5 
57. Rc6+ Ke7 58. Rc2 Kd6 59. Kg4 Re5 60. Nd3 Rb5 61. Nf4 Re5 62. Re2 Rb5 
63. Rd2+ Kc6 64. Nd5 h6 65. Ne7+ Kb7 66. Rd7+ Kb6 67. Rd6+ Kc7 68. Rxg6 Kd7 
69. Nc6 h5+ 70. Kh4 Rb3 71. Kxh5 Rh3+ 72. Kg4 Rb3 73. h4 Re3 74. Ne5+ Kc7 
75. h5 Re1 76. Nf3 Ra1 77. Kg3 Ra5 78. h6 Ra1 79. h7 Kb7 80. h8=Q Rc1 
81. Qc8+ Rxc8 82. Kf4 Rc4+ 83. Ke5 Rc2 84. b3 Rc8 85. Nd4 Rc5+ 86. Ke4 Rh5 
87. b4 Kc8 88. Kd3 Kb7 89. Rg7+ Kb6 90. Rg6+ Kb7 91. b5 Rc5 92. Re6 Rg5 
93. Kc4 Rh5 94. Nb3 Rh4+ 95. Kc3 Rh5 96. Kb4 Rh4+ 97. Ka5 Kc8 98. Nc5 Rh2 
99. Rd6 Rh5 100. Ne6 Rh7 101. Rc6+ Kd7 102. Nf8+ Ke7 103. Nxh7 Kd7 104. Nf8+ Ke7 
105. b6 Kf7 106. b7 Ke7 107. b8=Q Kf7 108. Qf4+ Kg8 109. Rg6+ Kh8 110. Qd4# 1-0

[Event "Thursday 25 January Rapid Engine Tour 12+1 Rounds 9 Starts 1600 ST"]
[Site "Infinity Chess"]
[Date "2018.1.25"]
[Round "4"]
[White "RonWeasley"]
[Black "Eman"]
[Result "1/2-1/2"]
[ECO "C55"]
[WhiteElo "2520"]
[BlackElo "2461"]
[WhiteEngine "BrainFish 130117_CTG"]
[BlackEngine "Eman 1.67a 64-bit POPCNT"]
[EventType "Swiss"]
[WhiteTeam ""]
[BlackTeam ""]
[PlyCount "110"]
[TimeControl "720+1"]

1. e4 e5 2. Nf3 Nc6 3. Bc4 Nf6 4. d3 Bc5 5. c3 a5 6. Bg5 h6 7. Bh4 g5 8. Bg3 d6 
9. O-O O-O 10. Bb3 g4 11. Nh4 Nh5 12. a4 Qg5 13. Na3 Bd7 14. Re1 Qf6 
15. Qe2 Nxg3 16. hxg3 h5 17. Nc2 Be6 18. Bd5 Ba7 19. Ne3 Rab8 20. Kh2 Ne7 
21. Rf1 Ng6 22. Nef5 Nxh4 23. Nxh4 c6 24. Ba2 Qg5 25. f4 gxf3 26. Rxf3 Bg4 
27. Raf1 Kh8 28. d4 Rbe8 29. d5 f5 30. Nxf5 Bxf3 31. gxf3 h4 32. g4 Rd8 
33. Kh3 Rd7 34. f4 exf4 35. Bc4 Re8 36. Qf3 Be3 37. dxc6 bxc6 38. b4 axb4 
39. cxb4 Re5 40. b5 cxb5 41. axb5 Rc7 42. Nxe3 fxe3 43. b6 Rce7 44. Ba6 e2 
45. Bxe2 d5 46. Qf8+ Kh7 47. Rf7+ Rxf7 48. Qxf7+ Qg7 49. Qxg7+ Kxg7 50. b7 Re8 
51. exd5 Rb8 52. Kxh4 Rxb7 53. d6 Rd7 54. Kh5 Rxd6 55. g5 Rd2 1/2-1/2

[Event "Thursday 25 January Rapid Engine Tour 12+1 Rounds 9 Starts 1600 ST"]
[Site "Infinity Chess"]
[Date "2018.1.25"]
[Round "3"]
[White "ivrdurant"]
[Black "IronMan"]
[Result "1/2-1/2"]
[ECO "B00"]
[WhiteElo "2378"]
[BlackElo "2394"]
[WhiteEngine "Raubfisch X37b3._CTG"]
[BlackEngine "Eman 1.58 64-bit BMI2"]
[EventType "Swiss"]
[WhiteTeam ""]
[BlackTeam ""]
[PlyCount "246"]
[TimeControl "720+1"]

1. e4 Nc6 2. Nf3 e5 3. Bc4 Nf6 4. d3 Bc5 5. c3 d6 6. O-O h6 7. Re1 a5 
8. Nbd2 O-O 9. h3 Be6 10. Bb5 Qb8 11. Nf1 Qa7 12. Re2 a4 13. Ng3 Bb6 
14. Bxc6 bxc6 15. Nh4 Kh8 16. Nhf5 Qa6 17. Re1 Nh7 18. Qf3 Rg8 19. Rf1 Rad8 
20. Rd1 Ra8 21. Ne7 Rge8 22. Nef5 Rg8 23. Rf1 Rad8 24. Re1 Rde8 25. Bd2 c5 
26. Rec1 Qa8 27. b3 h5 28. Qe2 g6 29. Nh6 Rg7 30. c4 Ba5 31. Rf1 Bxd2 
32. Qxd2 axb3 33. Qb2 Qd8 34. f4 Qh4 35. Ne2 Nf8 36. g3 Qf6 37. f5 Qg5 
38. fxe6 Qxh6 39. exf7 Re7 40. Qc1 Qxc1 41. Raxc1 bxa2 42. Ra1 Rexf7 
43. h4 Rxf1+ 44. Kxf1 Ne6 45. Rxa2 Kh7 46. Ra8 Rg8 47. Rxg8 Kxg8 48. Ng1 Kf7 
49. Nh3 Kf6 50. Kf2 Nd4 51. Ng5 Nc2 52. Kf3 Nd4+ 53. Kf2 Ke7 54. Ke3 Kd7 
55. Nh7 Ne6 56. Ke2 Kc8 57. Ng5 Nd4+ 58. Kd2 Kd7 59. Ke3 Kc6 60. Kd2 Kd7 
61. Ke3 Nc2+ 62. Kd2 Nb4 63. Kc3 Ke7 64. Kd2 Nc6 65. Nh7 Nd4 66. Ke3 Nc6 
67. Ke2 Nd4+ 68. Ke3 Kf7 69. Ng5+ Kf8 70. Kf2 Ke7 71. Nh7 Kf7 72. Ng5+ Ke8 
73. Nh7 Kf7 74. Ng5+ Ke8 75. Nh7 Kd8 76. Ng5 Kc8 77. Ke3 Kd7 78. Kf2 Nc2 
79. Nf7 Ke8 80. Ng5 Ke7 81. Ke2 Nd4+ 82. Kf2 Nc2 83. Nf3 Na3 84. Ng5 Kf6 
85. Nh7+ Ke7 86. Ng5 c6 87. Ke3 Nc2+ 88. Kd2 Nb4 89. Kc3 Ke8 90. Kd2 Ke7 
91. Ke3 Ke8 92. Nf3 Ke7 93. Ng5 Kf6 94. Nh7+ Kg7 95. Ng5 Kf6 96. Nh7+ Kg7 
97. Ng5 Na2 98. Ke2 Kf6 99. Nf3 Nb4 100. Ng5 Na6 101. Nh7+ Ke7 102. Ng5 Nc7 
103. Kf3 Ne8 104. Ke2 Kd7 105. Kf2 Nf6 106. Ke3 Kc7 107. Ne6+ Kd7 108. Ng5 Ng4+ 
109. Ke2 Ke7 110. Kd2 Nh6 111. Ke2 Ng4 112. Kd2 Nh6 113. Kc3 Ng8 114. Kd2 Ke8 
115. Ke3 Ne7 116. Kf3 Ng8 117. Kf2 Nf6 118. Ke2 Nd7 119. Kf3 Ke7 120. Ke3 Nb6 
121. Nf3 Kf8 122. Ng1 Nc8 123. Nf3 Ke8 1/2-1/2

[Event "Thursday 25 January Rapid Engine Tour 12+1 Rounds 9 Starts 1600 ST"]
[Site "Infinity Chess"]
[Date "2018.1.25"]
[Round "3"]
[White "OlivierEvan"]
[Black "Coco69"]
[Result "1/2-1/2"]
[ECO "C50"]
[WhiteElo "2379"]
[BlackElo "2421"]
[WhiteEngine "Houdini 6"]
[BlackEngine "Raubfisch X37b4_CTG"]
[EventType "Swiss"]
[WhiteTeam ""]
[BlackTeam ""]
[PlyCount "102"]
[TimeControl "720+1"]

1. e4 e5 2. Nf3 Nc6 3. Bc4 Bc5 4. O-O Nf6 5. d3 d6 6. c3 a5 7. Re1 h6 8. h3 O-O 
9. Nbd2 Be6 10. Bb5 Qb8 11. Nf1 Qa7 12. Be3 Bxe3 13. Nxe3 Ne7 14. a4 Ng6 
15. Bc4 Bxc4 16. Nxc4 Qa6 17. g3 Rfe8 18. Ne3 Qc6 19. Qb3 b6 20. Kg2 Qb7 
21. Rad1 Nf8 22. Qc2 Rad8 23. b4 d5 24. exd5 Nxd5 25. bxa5 bxa5 26. Nxd5 Qxd5 
27. c4 Qa8 28. d4 Rxd4 29. Rxd4 exd4 30. Rxe8 Qxe8 31. Nxd4 Nd7 32. Nb5 Nc5 
33. Qf5 Qc6+ 34. Kg1 Ne6 35. Qd3 Qc5 36. Kg2 Kf8 37. h4 g6 38. Qe2 c6 
39. Nc3 Ke7 40. Ne4 Qa3 41. Qc2 f5 42. Nd2 c5 43. Nb1 Qb4 44. Qd3 Qb7+ 
45. Kg1 Nd4 46. Qe3+ Kf7 47. Nc3 Nf3+ 48. Kf1 Nh2+ 49. Kg1 Nf3+ 50. Kf1 Nh2+ 
51. Kg1 Nf3+ 1/2-1/2

[Event "Thursday 25 January Rapid Engine Tour 12+1 Rounds 9 Starts 1600 ST"]
[Site "Infinity Chess"]
[Date "2018.1.25"]
[Round "3"]
[White "Thinker"]
[Black "MarioDeMonti"]
[Result "1/2-1/2"]
[ECO "C55"]
[WhiteElo "2440"]
[BlackElo "2425"]
[WhiteEngine "BrainFish_180124_x64_modern_CTG"]
[BlackEngine "stockfish_x64_bmi2_2018_01_13_CTG"]
[EventType "Swiss"]
[WhiteTeam ""]
[BlackTeam ""]
[PlyCount "55"]
[TimeControl "720+1"]

1. e4 e5 2. Nf3 Nc6 3. Bc4 Nf6 4. d3 Bc5 5. O-O d6 6. c3 O-O 7. Bg5 h6 8. Bh4 g5 
9. Bg3 a5 10. a4 Kg7 11. Na3 Ne7 12. Re1 Ng6 13. d4 exd4 14. Nxd4 h5 15. f3 h4 
16. Bf2 Ne5 17. Bb3 Nh5 18. Nc4 Qf6 19. Rf1 Nf4 20. Ne3 Re8 21. Kh1 c6 
22. Bg1 b6 23. h3 Ba6 24. Re1 Nfd3 25. Re2 Nf4 26. Re1 Nfd3 27. Re2 Nf4 28. Re1 
1/2-1/2

[Event "Thursday 25 January Rapid Engine Tour 12+1 Rounds 9 Starts 1600 ST"]
[Site "Infinity Chess"]
[Date "2018.1.25"]
[Round "3"]
[White "KhalidOmar"]
[Black "Satria_Ungu"]
[Result "1/2-1/2"]
[ECO "A40"]
[WhiteElo "2452"]
[BlackElo "2367"]
[WhiteEngine "Eman 1.67a 64-bit BMI2"]
[BlackEngine "Houdini 6_CTG"]
[EventType "Swiss"]
[WhiteTeam ""]
[BlackTeam ""]
[PlyCount "119"]
[TimeControl "720+1"]

1. d4 c6 2. e4 d5 3. e5 c5 4. c3 Nc6 5. Be2 Bf5 6. Nf3 e6 7. O-O cxd4 
8. cxd4 Nge7 9. Be3 Bg4 10. Nbd2 Nf5 11. Qb3 Bb4 12. h3 Nxe3 13. fxe3 Bf5 
14. Rac1 Rb8 15. Bd3 Bxd3 16. Qxd3 O-O 17. Nb3 Be7 18. a3 h6 19. Nc5 Na5 
20. Nd2 Rc8 21. b4 Bxc5 22. bxc5 b6 23. Qb5 Qg5 24. Rc3 Rc7 25. Rfc1 Rfc8 
26. Kh2 g6 27. Rf1 Qd8 28. Rfc1 Kg7 29. a4 Rc6 30. Kg1 Qh4 31. Kh2 Qg5 
32. Kg1 h5 33. Rf1 Qd8 34. Rfc1 a6 35. Qb4 bxc5 36. Rxc5 Rb8 37. Qa3 Rxc5 
38. Qxc5 Rb2 39. Qc3 Rxd2 40. Qxd2 Nb3 41. Qc3 Nxc1 42. Qxc1 Qa5 43. Qd1 Qb4 
44. g4 Qa3 45. Qf3 hxg4 46. Qf6+ Kg8 47. Qd8+ Qf8 48. Qxf8+ Kxf8 49. hxg4 Ke7 
50. Kf2 f6 51. exf6+ Kxf6 52. Kf3 Kg5 53. e4 dxe4+ 54. Kxe4 Kxg4 55. Ke5 g5 
56. a5 Kf3 57. Kxe6 g4 58. d5 g3 59. d6 g2 60. d7 1/2-1/2

[Event "Thursday 25 January Rapid Engine Tour 12+1 Rounds 9 Starts 1600 ST"]
[Site "Infinity Chess"]
[Date "2018.1.25"]
[Round "3"]
[White "BraveDevil"]
[Black "CrapCleaner"]
[Result "1-0"]
[ECO "C24"]
[WhiteElo "2396"]
[BlackElo "2454"]
[WhiteEngine "Cryptic AIL V2"]
[BlackEngine "SF-McBrain-v40_bmi2_CTG"]
[EventType "Swiss"]
[WhiteTeam ""]
[BlackTeam ""]
[PlyCount "106"]
[TimeControl "720+1"]

1. e4 e5 2. Bc4 Nf6 3. d3 Nc6 4. Nf3 Bc5 5. O-O d6 6. c3 O-O 7. h3 a5 8. Nbd2 h6 
9. Re1 a4 10. Nf1 Ra5 11. Ng3 Be6 12. Bxe6 fxe6 13. Qc2 Rf7 14. Bd2 Ra8 
15. b4 Ba7 16. Rf1 Nh7 17. Kh2 Ne7 18. Ne2 Ng6 19. d4 b5 20. Rad1 Qe8 
21. Be3 Rd8 22. Ng3 c6 23. Qe2 exd4 24. cxd4 Rf8 25. Ne1 Nf6 26. Nd3 Nd7 
27. f4 Nf6 28. Bg1 Ne7 29. Rde1 Qd7 30. Rc1 Bb6 31. a3 Ba7 32. Bf2 Ng6 
33. Rfe1 Bb8 34. Qa2 Kh8 35. Qc2 Rc8 36. Rf1 Rf7 37. Bg1 Ne7 38. e5 Nfd5 
39. Rce1 Ng6 40. Qc1 Kg8 41. f5 Nh4 42. f6 Qd8 43. fxg7 Rxg7 44. Qxh6 Qg5 
45. Qxe6+ Kh7 46. Qg4 Qxg4 47. hxg4 Rxg4 48. Kh3 Rcg8 49. Rf7+ Kh8 50. Bf2 Ng6 
51. Nh5 Rg5 52. Nf6 Rg7 53. Rxg7 Ngf4+ 1-0

[Event "Thursday 25 January Rapid Engine Tour 12+1 Rounds 9 Starts 1600 ST"]
[Site "Infinity Chess"]
[Date "2018.1.25"]
[Round "3"]
[White "star99"]
[Black "neófito"]
[Result "1/2-1/2 "]
[ECO "B23"]
[WhiteElo "2425"]
[BlackElo "2407"]
[WhiteEngine "Cryptic AIL V2"]
[BlackEngine "BrainFish_180124_x64_bmi2"]
[EventType "Swiss"]
[WhiteTeam ""]
[BlackTeam ""]
[PlyCount "140"]
[TimeControl "720+1"]

1. e4 c5 2. Nc3 Nc6 3. Nf3 Nf6 4. Bb5 g6 5. e5 Ng4 6. Bxc6 dxc6 7. O-O Bg7 
8. Re1 O-O 9. d3 Nh6 10. Bxh6 Bxh6 11. h3 Qc7 12. Qe2 b6 13. a3 a5 14. Rad1 Be6 
15. d4 c4 16. Qe4 Bg7 17. Ng5 Bf5 18. Qe2 h6 19. Nf3 Be6 20. Nh4 Rad8 21. f4 Kh7 
22. Rf1 Qd7 23. Kh2 f6 24. Rfe1 fxe5 25. dxe5 Qe8 26. Rxd8 Qxd8 27. Qe3 b5 
28. g4 Bf7 29. f5 gxf5 30. Nxf5 Bg6 31. Nxg7 Kxg7 32. Ne2 Qd7 33. c3 Qd3 
34. Nd4 Qxe3 35. Rxe3 Rf2+ 36. Kg3 Rxb2 37. Nxc6 Kf8 38. Nxa5 Be8 39. Nb7 Bc6 
40. Nd8 Bd5 41. e6 Rb3 42. Kf4 Rxa3 43. Re5 Bg2 44. Rf5+ Ke8 45. Nf7 Rxc3 
46. Rxb5 Rf3+ 47. Ke5 Re3+ 48. Kf5 Rf3+ 49. Kg6 Rf6+ 50. Kg7 Rxe6 51. Ne5 Kd8 
52. Rc5 Bxh3 53. Nf7+ Ke8 54. Rxc4 Rf6 55. Nxh6 Bxg4 56. Nxg4 Re6 57. Rd4 Re1 
58. Kg6 Rf1 59. Ne5 Rh1 60. Rf4 Rd1 61. Kf5 Rg1 62. Ke6 Ra1 63. Rd4 Ra6+ 
64. Kf5 Ra2 65. Kg6 Ra1 66. Rf4 Rg1+ 67. Kf5 Rh1 68. Rf3 Rh5+ 69. Ke6 Rh1 
70. Kf5 Kd8 1/2-1/2

[Event "Thursday 25 January Rapid Engine Tour 12+1 Rounds 9 Starts 1600 ST"]
[Site "Infinity Chess"]
[Date "2018.1.25"]
[Round "3"]
[White "angriff"]
[Black "Dovahkiin"]
[Result "1/2-1/2"]
[ECO "D30"]
[WhiteElo "2408"]
[BlackElo "2433"]
[WhiteEngine "Stockfish SL FA POPCNT_CTG"]
[BlackEngine "BrainFish_180113_x64_modern_CTG"]
[EventType "Swiss"]
[WhiteTeam ""]
[BlackTeam ""]
[PlyCount "57"]
[TimeControl "720+1"]

1. d4 d5 2. c4 e6 3. Nf3 Nf6 4. Nc3 c6 5. e3 Nbd7 6. Qc2 Bd6 7. Be2 dxc4 
8. Bxc4 O-O 9. O-O a6 10. a4 c5 11. dxc5 Bxc5 12. Ne4 Nxe4 13. Qxe4 Qe7 
14. b3 Nf6 15. Qh4 b6 16. Rd1 Rd8 17. Rxd8+ Qxd8 18. Bb2 Bb7 19. Rb1 Qe7 
20. Ne5 h6 21. Nd3 Bd6 22. Rd1 e5 23. Qg3 Re8 24. h3 Bc7 25. f4 Ne4 26. Qg4 Nf6 
27. Qg3 Ne4 28. Qg4 Nf6 29. Qg3 1/2-1/2

[Event "Thursday 25 January Rapid Engine Tour 12+1 Rounds 9 Starts 1600 ST"]
[Site "Infinity Chess"]
[Date "2018.1.25"]
[Round "3"]
[White "SkyPilot"]
[Black "ocirema"]
[Result "1/2-1/2"]
[ECO "D30"]
[WhiteElo "2477"]
[BlackElo "2455"]
[WhiteEngine "stockfish_x64_bmi2_2018_01_13_CTG"]
[BlackEngine "stockfish_18012314_x64_modern_CTG"]
[EventType "Swiss"]
[WhiteTeam ""]
[BlackTeam ""]
[PlyCount "136"]
[TimeControl "720+1"]

1. d4 d5 2. c4 e6 3. Nf3 Nf6 4. Nc3 c6 5. e3 Nbd7 6. Qc2 Bd6 7. Bd3 dxc4 
8. Bxc4 a6 9. a4 c5 10. O-O cxd4 11. exd4 O-O 12. Qe2 Qc7 13. Be3 Nb6 
14. Bd3 Nbd5 15. Rfc1 Nxe3 16. Ne4 Qe7 17. Nxf6+ Qxf6 18. Qxe3 Rd8 19. Ne5 Rb8 
20. b4 Qh6 21. Qe1 f6 22. Nf3 Kh8 23. b5 axb5 24. Bxb5 b6 25. h3 e5 
26. dxe5 fxe5 27. Bd3 Bd7 28. Be4 Qf4 29. Qe2 Qf6 30. Rcb1 g6 31. a5 bxa5 
32. Rxb8 Bxb8 33. Rxa5 Bc7 34. Ra6 Bb6 35. Qb2 Rb8 36. Qxe5 Qxe5 37. Nxe5 Bb5 
38. Ra2 Bd4 39. Nf3 Bf6 40. g3 Re8 41. Nd2 Kg7 42. Kg2 Bd4 43. Bf3 Re7 
44. Ne4 Be5 45. Nc5 Bc4 46. Rd2 Rc7 47. Ne4 Re7 48. h4 h6 49. h5 gxh5 
50. Bxh5 Bf4 51. gxf4 Rxe4 52. Kg3 Be6 53. Rd6 Bf5 54. f3 Re3 55. Rd5 Kf6 
56. Rb5 Rd3 57. Rb7 Rd8 58. Rb6+ Kg7 59. Rb5 Rf8 60. Rc5 Kf6 61. Bg4 Kg6 
62. Bxf5+ Rxf5 63. Rc1 h5 64. Ra1 Rc5 65. f5+ Kxf5 66. Ra7 h4+ 67. Kxh4 Rc3 
68. Kg3 Rc4 1/2-1/2

[Event "Thursday 25 January Rapid Engine Tour 12+1 Rounds 9 Starts 1600 ST"]
[Site "Infinity Chess"]
[Date "2018.1.25"]
[Round "3"]
[White "Wolle"]
[Black "Marsell"]
[Result "1/2-1/2"]
[ECO "C55"]
[WhiteElo "2466"]
[BlackElo "2491"]
[WhiteEngine "Raubfisch X37a2_CTG"]
[BlackEngine "asmFishW_2018-01-11_popcnt"]
[EventType "Swiss"]
[WhiteTeam ""]
[BlackTeam ""]
[PlyCount "88"]
[TimeControl "720+1"]

1. e4 e5 2. Nf3 Nc6 3. Bc4 Nf6 4. d3 Bc5 5. c3 d6 6. O-O O-O 7. Bg5 h6 8. Bh4 a6 
9. a4 g5 10. Bg3 Ba7 11. Nbd2 Nh7 12. h3 h5 13. Kh1 Kh8 14. b4 h4 15. Bh2 g4 
16. hxg4 Bxg4 17. b5 Na5 18. d4 exd4 19. cxd4 Bxd4 20. bxa6 bxa6 21. Rc1 Nxc4 
22. Rxc4 Bg7 23. e5 Qd7 24. Re1 Rae8 25. Qc2 Bf5 26. Qc3 h3 27. Rg1 dxe5 
28. Bxe5 f6 29. Bd4 hxg2+ 30. Rxg2 Bh6 31. Rxc7 Qe6 32. Rc6 Rc8 33. Rxe6 Rxc3 
34. Rxa6 Rd3 35. Be3 Bxe3 36. fxe3 Rxe3 37. a5 Rd8 38. Ra7 Ng5 39. Nxg5 fxg5 
40. Rxg5 Rxd2 41. Rh5+ Kg8 42. Rg5+ Kh8 43. Rh5+ Kg8 44. Rg5+ Kh8 1/2-1/2

[Event "Thursday 25 January Rapid Engine Tour 12+1 Rounds 9 Starts 1600 ST"]
[Site "Infinity Chess"]
[Date "2018.1.25"]
[Round "3"]
[White "Ninja_Bp"]
[Black "hafaba"]
[Result "1/2-1/2 "]
[ECO "A41"]
[WhiteElo "2437"]
[BlackElo "2451"]
[WhiteEngine "Houdini 6_CTG"]
[BlackEngine "Stockfish SL FA POPCNT_CTG"]
[EventType "Swiss"]
[WhiteTeam ""]
[BlackTeam ""]
[PlyCount "45"]
[TimeControl "720+1"]

1. d4 d6 2. Nf3 Nf6 3. c4 Nbd7 4. Nc3 g6 5. e4 e5 6. dxe5 dxe5 7. a3 c6 
8. Be2 Qe7 9. Qc2 Bg7 10. Be3 Nc5 11. Rd1 Ng4 12. Bxc5 Qxc5 13. O-O Nf6 
14. b4 Qe7 15. c5 O-O 16. h3 Bd7 17. Na4 Nh5 18. Nb2 b5 19. Nd3 Rfd8 20. Rfe1 a5 
21. g4 Nf4 22. Nxf4 exf4 23. e5 1/2-1/2

[Event "Thursday 25 January Rapid Engine Tour 12+1 Rounds 9 Starts 1600 ST"]
[Site "Infinity Chess"]
[Date "2018.1.25"]
[Round "3"]
[White "Eman"]
[Black "Time_bandit"]
[Result "1/2-1/2"]
[ECO "D20"]
[WhiteElo "2461"]
[BlackElo "2469"]
[WhiteEngine "Eman 1.67a 64-bit POPCNT"]
[BlackEngine "asmfish-popcnt-012018-W"]
[EventType "Swiss"]
[WhiteTeam ""]
[BlackTeam ""]
[PlyCount "142"]
[TimeControl "720+1"]

1. d4 d5 2. c4 dxc4 3. e4 e5 4. Nf3 exd4 5. Bxc4 Nc6 6. O-O Be6 7. Bxe6 fxe6 
8. Qb3 Qd7 9. Qxb7 Rb8 10. Qa6 Nf6 11. Nbd2 Bd6 12. b3 O-O 13. Ba3 Nh5 
14. g3 Nf6 15. Kg2 e5 16. Bc5 Rbe8 17. a4 Kh8 18. Rac1 Nd8 19. Bxd6 cxd6 
20. Qc8 a5 21. Rc7 Qxc8 22. Rxc8 Nb7 23. Rc6 Nd7 24. h4 Rb8 25. h5 Ndc5 
26. Rb6 Nd7 27. Rc6 Ndc5 28. Rb6 Nd7 29. Rb5 Nbc5 30. Rxa5 Nf6 31. b4 Rxb4 
32. Nxe5 dxe5 33. Rxc5 Rxa4 34. f3 Ra2 35. Rd1 Re8 36. g4 h6 37. Kg3 Kg8 
38. Rb5 Rc2 39. Nb3 Nd7 40. Rc1 Rec8 41. Rxc2 Rxc2 42. Rd5 Rc7 43. Rd6 Nf6 
44. Na5 Kf8 45. Nc6 Rd7 46. Rxd7 Nxd7 47. Nb4 Ke7 48. Nd3 Ke6 49. f4 Kf6 
50. Kf3 exf4 51. Kxf4 Ke6 52. e5 Kd5 53. Nb4+ Kc4 54. e6 Nf6 55. Nc2 d3 
56. Ne3+ Kd4 57. e7 d2 58. Kf3 Kd3 59. Nd1 Kd4 60. Ke2 Kc5 61. Kd3 Kd6 
62. Kxd2 Kxe7 63. Ne3 Ne4+ 64. Kd3 Nf6 65. Nf5+ Kf8 66. g5 hxg5 67. h6 g4 
68. h7 Nxh7 69. Ke4 g3 70. Nxg3 Kf7 71. Kf4 g6 1/2-1/2

[Event "Thursday 25 January Rapid Engine Tour 12+1 Rounds 9 Starts 1600 ST"]
[Site "Infinity Chess"]
[Date "2018.1.25"]
[Round "3"]
[White "Prometheus"]
[Black "RonWeasley"]
[Result "1/2-1/2"]
[ECO "C01"]
[WhiteElo "2484"]
[BlackElo "2521"]
[WhiteEngine "Eman 1.67-64bit-IDeA"]
[BlackEngine "BrainFish 130117_CTG"]
[EventType "Swiss"]
[WhiteTeam ""]
[BlackTeam ""]
[PlyCount "107"]
[TimeControl "720+1"]

1. e4 e6 2. d4 d5 3. exd5 exd5 4. Nf3 Bd6 5. Bd3 Nc6 6. O-O Nge7 7. c3 Bf5 
8. Bxf5 Nxf5 9. Qd3 Qd7 10. Re1+ Nfe7 11. Nbd2 O-O 12. Nf1 Nf5 13. Bd2 Rfe8 
14. h3 a6 15. g4 Nfe7 16. Ng3 Ng6 17. Qf5 Qxf5 18. Nxf5 Bf4 19. Ne3 Bxe3 
20. Rxe3 Rxe3 21. fxe3 Na7 22. b3 Nc8 23. c4 Nd6 24. Bb4 Ne4 25. cxd5 Nf6 
26. d6 Nd5 27. Ba3 cxd6 28. Re1 Rd8 29. Kf2 b5 30. Nd2 Nge7 31. Rf1 f5 
32. gxf5 Rc8 33. Bxd6 Nxf5 34. e4 Nxd6 35. exd5 Re8 36. Kg2 Rd8 37. Kg3 Ne8 
38. Nf3 Rxd5 39. Re1 Kf7 40. Kf4 Nf6 41. h4 Rd6 42. Rc1 Ke6 43. Rc5 h6 
44. a3 Nd5+ 45. Ke4 Nf6+ 46. Kd3 Nd5 47. a4 Kf5 48. axb5 axb5 49. h5 Kf4 
50. Ne1 Nb4+ 51. Kc3 Nd5+ 52. Kd3 Nb4+ 53. Kc3 Nd5+ 54. Kd3 1/2-1/2

[Event "Thursday 25 January Rapid Engine Tour 12+1 Rounds 9 Starts 1600 ST"]
[Site "Infinity Chess"]
[Date "2018.1.25"]
[Round "2"]
[White "IronMan"]
[Black "Thinker"]
[Result "1/2-1/2"]
[ECO "D00"]
[WhiteElo "2392"]
[BlackElo "2442"]
[WhiteEngine "Eman 1.58 64-bit BMI2"]
[BlackEngine "BrainFish_180124_x64_modern_CTG"]
[EventType "Swiss"]
[WhiteTeam ""]
[BlackTeam ""]
[PlyCount "105"]
[TimeControl "720+1"]

1. d4 d5 2. Bf4 c5 3. Nf3 Nf6 4. e3 Nc6 5. Nbd2 e6 6. Bb5 Qb6 7. c4 Be7 
8. dxc5 Bxc5 9. O-O O-O 10. a4 Be7 11. cxd5 exd5 12. Rc1 Bd7 13. Nb3 Rfc8 
14. Re1 a6 15. Bxc6 Bxc6 16. Nbd4 Be8 17. b3 Rxc1 18. Qxc1 Ne4 19. Re2 Bf8 
20. h3 f6 21. Rc2 Nc5 22. Rc3 Qb4 23. Qa1 Qa5 24. Rc1 Qd8 25. Qc3 g5 26. Bh2 Bg6 
27. Ne1 h5 28. h4 gxh4 29. Ne2 h3 30. gxh3 Ne6 31. Nf4 Bf5 32. Nxh5 Ba3 
33. Rd1 Be7 34. Qb2 Kf7 35. Ng3 Bg6 36. Ng2 Qh8 37. h4 Rd8 38. b4 Qh7 
39. b5 axb5 40. Qxb5 Bc2 41. Re1 Nc5 42. Ne2 Qe4 43. Nd4 Bd3 44. Qb6 Qg4 
45. f3 Qh3 46. Nf4 Qxh4 47. Nxd3 Rg8+ 48. Kh1 Nxd3 49. Qe6+ Kf8 50. Qc8+ Kf7 
51. Qe6+ Kf8 52. Qc8+ Kf7 53. Qe6+ 1/2-1/2